 Dungeon Sprint DCSS version 0.24-a0-250-g6074511 (webtiles) character file.

Game seed: 10397077124923784737

374 MikeHunt the Destroyer (level 6, -2/45 HPs)
             Began as a Draconian Conjurer on Apr 14, 2019.
             Was an Initiate of Vehumet.
             Slain by a draconian
             ... wielding a +0 trident
              (15 damage)
             ... in the Dungeon (Sprint V: "Ziggurat Sprint").
             The game lasted 00:02:06 (104 turns).

MikeHunt the Destroyer (Draconian Conjurer)          Turns: 104, Time: 00:02:06

Health: -2/45      AC:  9    Str: 11    XL:     6   Next: 43%
Magic:  10/17      EV: 12    Int: 29    God:    Vehumet [......]
Gold:   0          SH:  8    Dex: 11    Spells: 18/21 levels left

rFire    + . .     SeeInvis .   E - +8 lance "Wyrmbane" {slay drac, rPois rF+ rC+ AC+3}
rCold    + . .     Gourm    .   K - +3 buckler
rNeg     . . .     Faith    .   (armour unavailable)
rPois    +         Spirit   .   (helmet restricted)
rElec    .         Reflect  .   (no cloak)
rCorr    .         Harm     .   (no gloves)
MR       .....     NoTele   +   (no boots)
Stlth    ++........             (no amulet)
HPRegen  0.15/turn              w - +6 ring of intelligence
MPRegen  0.15/turn              x - +6 ring of intelligence

@: no status effects
A: unfitting armour, cold-blooded, AC +6
a: Renounce Religion


You were in the Dungeon.
You worshipped Vehumet.
Vehumet was noncommittal.
You were not hungry.

You visited 1 branch

Inventory:

Hand Weapons
 E - the +8 lance "Wyrmbane" (weapon) {slay drac, rPois rF+ rC+ AC+3}
   (You found it in the Dungeon)

   It affects your AC (+3).
   It protects you from fire.
   It protects you from cold.
   It protects you from poison.
 F - the +6 shillelagh "Devastator" {shatter}
   (You found it in the Dungeon)
 G - the +6 Majin-Bo {vamp, Archmagi MP+6 Int+6}
   (You found it in the Dungeon)

   It inflicts no extra harm, but heals its wielder when it wounds a living foe.
   It affects your intelligence (+6).
   It affects your magic capacity (+6).
Armour
 H - the +18 shield of the Gong {rElec rN+ MR+ EV-5}
   (You found it in the Dungeon)

   It affects your evasion (-5).
   It insulates you from electricity.
   It protects you from negative energy.
   It affects your resistance to hostile enchantments.
 I - a +3 shield
 J - a +3 large shield
 K - a +3 buckler (worn)
Magical Staves
 A - an uncursed staff of energy {!a}
Jewellery
 u - a +6 ring of dexterity
 v - a +6 ring of dexterity
 w - a +6 ring of intelligence (left hand)
 x - a +6 ring of intelligence (right hand)
 y - a +6 ring of strength
 z - a +6 ring of strength
 C - an uncursed ring of flight
Wands
 r - a wand of disintegration (7)
 s - a wand of iceblast (5)
 t - a wand of acid (7)
Scrolls
 h - 4 scrolls of blinking
 n - 7 scrolls of fog
 o - 5 scrolls of identify
 p - 5 scrolls of remove curse
 q - 2 scrolls of fear
Potions
 a - 2 potions of brilliance
 c - 10 potions of curing
 d - 10 potions of heal wounds
 e - 6 potions of haste
 f - 7 potions of magic
 g - 3 potions of berserk rage
 i - 2 potions of invisibility
 j - 4 potions of resistance
 l - 5 potions of agility
 m - 5 potions of might
Miscellaneous
 B - a crystal ball of energy
 D - a lightning rod (3/4)
Comestibles
 b - 7 rations


   Skills:
 - Level 1.7 Dodging
 - Level 1.7 Stealth
 - Level 7.0 Shields
 + Level 8.4 Spellcasting
 + Level 9.7 Conjurations


You had 18 spell levels left.
You knew the following spells:

 Your Spells              Type           Power        Failure   Level  Hunger
e - Magic Dart            Conj           ####         1%          1    None
r - Searing Ray           Conj           ######       1%          2    None

Your spell library contained the following spells:

 Spells                   Type           Power        Failure   Level  Hunger
 Dazzling Spray           Conj/Hex       #####.       1%          3    None
 Iskenderun's Mystic Bla  Conj           ######..     1%          4    #......
 Force Lance              Conj/Tloc      #####...     6%          4    #......
 Fulminant Prism          Conj/Hex       #####.....   6%          4    #......


Dungeon Overview and Level Annotations

Branches:
Dungeon (1/1)

Altars:
Ashenzari
Cheibriados
Dithmenos
Elyvilon
Fedhas
Gozag
Hepliaklqana
Kikubaaqudgha
Makhleb
Nemelex Xobeh
Okawaru
Qazlal
Ru
Sif Muna
Trog
Uskayaw
Vehumet
Wu Jian
Xom
Yredelemnul
Zin
The Shining One
Beogh
Jiyva
Lugonu

Annotations:
D 1 transporter


Innate Abilities, Weirdness & Mutations

Your plain brown scales are hard. (AC +6)
You cannot fit into any form of body armour.
You are cold-blooded and may be slowed by cold attacks.


Message History

Your lightning rod (4/4) has regained three charges.
Training target 5.0 for Shields reached!
Your Shields skill gained 7 levels and is now at level 7!
Your Spellcasting skill gained 3 levels and is now at level 8!
Your Conjurations skill gained 3 levels and is now at level 9!
You have reached level 3!
Your experience leads to an increase in your attributes!
Your base attributes are Str 10, Int 15, Dex 11.
Increase (S)trength, (I)ntelligence, or (D)exterity?
You feel clever.
Your scales feel tougher.
You have reached level 4!
You feel stronger.
You have reached level 5!
You have reached level 6!
Your experience leads to an increase in your attributes!
Your base attributes are Str 11, Int 16, Dex 11.
Increase (S)trength, (I)ntelligence, or (D)exterity?
You feel clever.
Your scales feel tougher.
The draconian hits you from afar with a +0 trident!
You die...

▓▓▓▓▓▓▓
▓.8©8.▓
▓.....▓
▓.[.|.▓
▓..d..▓
▓..)..▓
▓..@..▓
▓▓▓▓▓▓▓


You could see a draconian.

Vanquished Creatures
  A draconian (D)
1 creature vanquished.

Notes
Turn   | Place    | Note
-------+----------+-------------------------------------------
     0 | D        | Found the +6 Majin-Bo {vamp, Archmagi MP+6 Int+6}
     0 | D        | Found the +7 great mace "Firestarter" {inner flame, rF++}
     0 | D        | MikeHunt the Draconian Conjurer began the quest for the
                  | Orb.
     0 | D        | Reached XP level 1. HP: 14/14 MP: 3/3
     0 | D        | Found a deep blue altar of Sif Muna.
     0 | D        | Found a bloodstained altar of Trog.
     0 | D        | Found a sacrificial altar of Ru.
     0 | D        | Found a stormy altar of Qazlal.
     0 | D        | Found an iron altar of Okawaru.
     1 | D        | Found a sparkling altar of Nemelex Xobeh.
     1 | D        | Found a blossoming altar of Fedhas.
     3 | D        | Found a transporter.
     3 | D        | Found an ancient bone altar of Kikubaaqudgha.
     3 | D        | Found a viscous altar of Jiyva.
     3 | D        | Found a corrupted altar of Lugonu.
     3 | D        | Found a hazy altar of Hepliaklqana.
     3 | D        | Found a burning altar of Makhleb.
     3 | D        | Found an opulent altar of Gozag.
    27 | D        | Found the +6 shillelagh "Devastator" {shatter}
    27 | D        | Found the +11 plutonium sword {*Contam Stlth-}
    27 | D        | Found the +8 lance "Wyrmbane" {slay drac, rPois rF+ rC+
                  | AC+3}
    27 | D        | Found the +9 sword of Zonguldrok {reap}
    27 | D        | Found the cursed +13 scythe of Curses {drain, *Curse}
    27 | D        | Found the +0 sword of Power
    27 | D        | Found the +7 mace of Variability {chain chaos}
    27 | D        | Found the +7 Singing Sword {slice, sonic wave}
    27 | D        | Found the +7 longbow "Piercer" {penet, EV-2}
    31 | D        | Found the +9 heavy crossbow "Sniper" {velocity, Acc+∞ SInv}
    31 | D        | Found the +10 dark maul {crush}
    31 | D        | Found the +15 Maxwell's patent armour {-Cast -Tele rElec
                  | MR+ rCorr}
    31 | D        | Found the +18 shield of the Gong {rElec rN+ MR+ EV-5}
    31 | D        | Found the cursed +14 obsidian axe {chop, +Fly SInv *Curse}
    59 | D        | Reached skill level 5 in Spellcasting
    59 | D        | Reached skill level 6 in Conjurations
    59 | D        | Reached XP level 2. HP: 20/20 MP: 4/8
    66 | D        | Learned a level 2 spell: Searing Ray
    79 | D        | Became a worshipper of Vehumet
    98 | D        | Entered arena 2.
    98 | D        | Noticed a draconian
    98 | D        | Noticed a draconian
    98 | D        | Found a transporter.
   104 | D        | Killed a draconian
   104 | D        | Reached skill level 9 in Conjurations
   104 | D        | Reached XP level 3. HP: 7/26 MP: 8/12
   104 | D        | Reached XP level 4. HP: 10/33 MP: 9/14
   104 | D        | Reached XP level 5. HP: 11/38 MP: 9/15
   104 | D        | Reached XP level 6. HP: 13/45 MP: 10/17
   104 | D        | Slain by a draconian

Levels and vault maps discovered:
D:        sprint_v [room_start, room_1, room_2, room_3, room_4, room_5, room_6,
          room_7, room_8, room_9, room_10, room_11, room_12, room_13, room_14,
          room_15, room_16, room_17, room_18, room_19, room_20, room_21,
          room_22, room_23, room_24, room_25, room_26, room_27]

Skill      XL: |  1  2 |
---------------+-------+-----
Spellcasting   | 5 8 |  8.4
Conjurations   | 6 9 |  9.7
Shields        | 7 |  7.0
Dodging        | |  1.7
Stealth        | |  1.7

Action                   |  1- 3 |  4- 6 || total
-------------------------+-------+-------++-------
Evoke: Lightning rod     |     3 |     1 ||     4
       Wand              |     2 |       ||     2
  Use: Potion            |     1 |       ||     1
Dodge: Dodged            |     1 |       ||     1
Block: Buckler           |     4 |       ||     4

Table legend:
 A = Non-vault XP
 B = Vault XP
 C = Vault XP percentage of total XP
 D = Non-vault monster count
 E = Vault monster count
 F = Vault count percentage of total count
                 A         B        C        D         E       F
            +---------+---------+-------+---------+---------+-------
      Total |       0 |     523 | 100.0 |       0 |       1 | 100.0
            +---------+---------+-------+---------+---------+-------
          D |       0 |     523 | 100.0 |       0 |       1 | 100.0
            +---------+---------+-------+---------+---------+-------
